Description

Patch 4.11 TvZ Standard economic opening, hellion into liberator

VOD

https://youtu.be/qhi2jhN_a4I?t=827

Replay - Maru v Rogue: Game 2 - Eternal Empire LE

Build Order

Get SALT Encoding   

  12  0:00  SCV  
  13  0:12  SCV  
  14  0:17  Supply Depot  
  14  0:25  SCV  
  15  0:38  SCV  
  15  0:39  Barracks  
  16  0:43  Refinery  
  16  0:50  SCV  
  17  1:02  SCV  
  18  1:14  SCV  
  19  1:26  Reaper  
  19  1:27  Orbital Command  
  20  1:41  Command Center  
  20  1:52  SCV  
  21  1:56  Supply Depot  
  21  1:58  Marine  
  22  2:04  SCV  
  23  2:09  Factory  
  23  2:17  Marine, SCV  
  23  2:22  Refinery  
  25  2:29  Bunker  
  26  2:36  Barracks Reactor  
  27  2:54  Orbital Command, Starport  
  28  3:14  Liberator  
  28  3:18  Hellion x2  
  33  3:25  Supply Depot  
  39  3:34  Reaper  
  39  3:40  Hellion x2  
  47  4:00  Supply Depot  
  47  4:01  Hellion x2  
  52  4:09  Barracks Tech Lab  
  52  4:12  Command Center  
  54  4:19  Starport Tech Lab  
  56  4:24  Hellion x2  
  61  4:39  Stimpack  
  61  4:41  Supply Depot  
  62  4:59  Barracks x2  
  62  5:03  Marine  
  65  5:08  Siege Tank  
  65  5:09  Starport Reactor  
  63  5:17  Engineering Bay x2  
  56  5:22  Marine  
  56  5:26  Orbital Command  
  57  5:36  Barracks x2  
  57  5:40  Marine  
  60  5:43  Terran Infantry Weapons Level 1, Terran Infantry Armor Level 1  
  60  5:44  Orbital Command, Refinery  
  60  5:49  Siege Tank  
  63  5:53  Starport Reactor  
  63  5:54  Marine x4  
  63  5:56  Refinery  
  71  6:08  Marine  
  79  6:18  Combat Shield  
  83  6:26  Barracks Reactor x2  
  83  6:31  Medivac x2  
  94  6:49  Siege Tank  
  105  7:08  Armory  
  109  7:14  Medivac x2  
  118  7:46  Command Center, Siege Tank  
  118  7:49  Refinery x2  
  129  8:05  Terran Infantry Weapons Level 2, Terran Infantry Armor Level 2  
  130  8:14  Factory  
  139  8:29  Terran Vehicle And Ship Armor Level 1  
  139  8:31  Barracks x3  
  139  8:35  Marauder  
  143  8:45  Medivac x2  
  143  8:47  Missile Turret x3  
  149  9:01  Drilling Claws, Factory Reactor  
  155  9:15  Medivac x2, Marauder  
  164  9:25  Barracks Tech Lab x3  
  164  9:40  Thor, Widow Mine x2  
  164  9:45  Marauder x4  
  166  9:54  Missile Turret  
  166  9:55  Planetary Fortress  
Spawning Tool Build Advisor. Get it on Overwolf

Go to:

Details

  • Created by: TrollMudkipz
  • Published on: Mar 02, 2020
  • Modified on: Mar 02, 2020
  • Patch: 4.11.0
Show
View Real Time Build Order
Export as new Build Order

Comments (0)

There are no comments. Be the first!

Create an account to comment!